 Dungeon Crawl Stone Soup version 0.19-a0-1899-g2d93087 (webtiles) character file.

234 junb69 the Slasher (level 5, -6/51 HPs)
             Began as a Draconian Gladiator on Oct 19, 2016.
             Mangled by Capuchin's ghost (13 damage)
             ... on level 4 of the Dungeon.
             The game lasted 00:06:58 (3030 turns).

junb69 the Slasher (Draconian Gladiator)            Turns: 3030, Time: 00:06:59

Health: -6/51      AC:  6    Str: 18    XL:     5   Next: 75%
Magic:  5/5        EV: 12    Int: 13    God:
Gold:   117        SH:  3    Dex: 12    Spells: 0 memorised, 4 levels left

rFire  + . .     SeeInvis .     a - +1 long sword
rCold  + . .     Gourm    .     (armour unavailable)
rNeg   . . .     Faith    .     m - +0 buckler
rPois  +         Spirit   .     b - +0 hat
rElec  +         Reflect  .     x - +0 cloak
rCorr  +         Harm     .     (no gloves)
MR     .....                    (no boots)
Stlth  +.........               (no amulet)
                                (no ring)
                                h - ring of resist corrosion

@: brilliant, resistant, flying
A: unfitting armour, horns 1, blurry vision 1, robust 1, cold-blooded, AC +5
a: no special abilities


You were on level 4 of the Dungeon.
You were very hungry.

You visited 1 branch of the dungeon, and saw 4 of its levels.

You collected 117 gold pieces.

Inventory:

Hand Weapons
 a - a +1 long sword (weapon)
Missiles
 c - 3 throwing nets (quivered)
Armour
 b - a +0 hat (worn)
 m - a +0 buckler (worn)
 x - a +0 cloak (worn)
Jewellery
 h - a ring of resist corrosion (left hand)
 u - an uncursed amulet of guardian spirit {unknown}
Wands
 t - a wand of lightning (14/15)
Scrolls
 e - 2 scrolls of recharging
 f - 2 scrolls of identify
 g - a scroll of remove curse
 i - 2 scrolls of blinking
 j - 2 scrolls of amnesia
 k - a scroll of noise
 n - 3 scrolls of enchant weapon
Books
 p - a book of Burglary

   Spells                             Type                      Level
   a - Swiftness                      Charms/Air                   2
   b - Passwall                       Transmutation/Earth          2
   c - Passage of Golubria            Translocation                4
   d - Lee's Rapid Deconstruction     Earth                        5
   e - Darkness                       Hexes                        6
   f - Invisibility                   Hexes                        6
Comestibles
 d - 4 bread rations
 o - a slice of pizza
 r - a beef jerky
 A - a meat ration


   Skills:
 * Level 4.9 Fighting
 * Level 5.1 Long Blades
 - Level 1.7 Throwing
 - Level 2.6 Dodging


You had 4 spell levels left.
You didn't know any spells.

Dungeon Overview and Level Annotations

Branches:
Dungeon (4/15)
 Temple: D:4-7

Altars:
Elyvilon

Annotations:
D:4 Capuchin's ghost, novice MiFi


Innate Abilities, Weirdness & Mutations

Your plain brown scales are hard. (AC +5)
You cannot fit into any form of body armour.
You are cold-blooded and may be slowed by cold attacks.
You have a pair of small horns on your head.
Scrolls take you a little longer to read.
You are robust. (+10% HP)


Message History

Capuchin's ghost hits you.
You barely miss Capuchin's ghost.
Capuchin's ghost is lightly damaged.
Capuchin's ghost says, "I am invincible!"
Capuchin's ghost hits you!
It was a potion of flight.
You feel very buoyant.
You fly up into the air.
You block Capuchin's ghost's attack.
It was a potion of curing.
You feel better. Capuchin's ghost hits you!
It was a potion of resistance.
You feel protected. You block Capuchin's ghost's attack.
It was a potion of mutation.
You feel extremely strange. A pair of horns grows on your head!
Your vision blurs.
You feel robust. Capuchin's ghost hits you!
* * * LOW HITPOINT WARNING * * *
It was a potion of brilliance.
You feel clever all of a sudden. Capuchin's ghost hits you!
You die...

#.# #####.#
#.....# #.#####
#.# ###########.#
#..(........######
#.##########....W.
#@# #.##### #W#
#.# #.# #.#
#.##########.#
#.##..W......# #
#.##.######### ..
#.##.# #.# #.##.#
#.# #.##W# #.#


You could see Capuchin's ghost.

Vanquished Creatures
  A hound (D:4)
  A bullfrog skeleton (D:4)
  Terence (D:2)
  An orc wizard (D:3)
  Robin (D:2)
  3 adders
  An ooze (D:1)
  A worm (D:2)
  A dart slug (D:1)
  2 leopard geckos
  3 orcs (D:4)
  5 bats
  4 giant cockroaches
  18 goblins
  10 hobgoblins
  3 jackals (D:1)
  2 ball pythons (D:2)
  3 kobolds
  10 rats
71 creatures vanquished.

Notes
Turn   | Place    | Note
-------+----------+-------------------------------------------
     0 | D:1      | junb69 the Draconian Gladiator began the quest for the Orb.
     0 | D:1      | Reached XP level 1. HP: 17/17 MP: 1/1
   240 | D:1      | Reached XP level 2. HP: 22/25 MP: 2/2
   668 | D:1      | Reached XP level 3. HP: 31/31 MP: 3/3
   854 | D:2      | Noticed Terence
   864 | D:2      | Killed Terence
   864 | D:2      | Reached skill level 4 in Long Blades
   978 | D:2      | Noticed Robin
  1018 | D:2      | Reached XP level 4. HP: 39/40 MP: 4/4
  1030 | D:2      | Killed Robin
  1631 | D:3      | Found a white marble altar of Elyvilon.
  2446 | D:3      | HP: 2/40 [orc wizard/magic dart (5)]
  2447 | D:3      | Reached XP level 5. HP: 3/47 MP: 5/5
  2796 | D:4      | Reached skill level 5 in Long Blades
  2863 | D:4      | Noticed Capuchin's ghost (novice MiFi)
  3029 | D:4      | Gained mutation: You have a pair of small horns on your head. [potion of mutation]
  3029 | D:4      | Gained mutation: Scrolls take you a little longer to read. [potion of mutation]
  3029 | D:4      | Gained mutation: You are robust. (+10% HP) [potion of mutation]
  3030 | D:4      | Mangled by Capuchin's ghost

Vault maps used:
D:1:      dpeg_arrival_windows_large_door
D:2:      uniq_robin, uniq_terence
D:3:      elyvilon_altar_4
D:4:      enter_ossuary_4

Skill      XL: |  1  2  3  4  5 |
---------------+----------------+-----
Fighting       | 3 4 |  4.9
Long Blades    | 4 5 |  5.1
Throwing       | |  1.7
Dodging        | |  2.6

Action                   |  1- 3 |  4- 6 || total
-------------------------+-------+-------++-------
Melee: Long sword        |    86 |   121 ||   207
       Tailslap          |    14 |    15 ||    29
  Use: Scroll            |       |     9 ||     9
       Potion            |       |     5 ||     5
  Eat: Chunk             |       |     6 ||     6
Armor: Skin              |    23 |    43 ||    66
Dodge: Dodged            |    67 |    91 ||   158
Block: Buckler           |       |    10 ||    10
       Rpst.: Long sword |    19 |    28 ||    47
